Get step-by-step instructions on how to execute this build order below. Start the game timer, and the build order will tick by so you can play in parallel with StarCraft on a second screen or mobile device.

Game Time

  0:00

Last Step

  N/A

Next Step

  12  0:00  Probe  

Upcoming Step

  13  0:12  Probe  

Don't want to look back and forth between 2 screens? Try out our Overwolf App, the Spawning Tool Build Advisor to get an in-game overlay with this build!

Complete Build Order

  12  0:00  Probe  
  13  0:12  Probe  
  14  0:18  Pylon  
  14  0:24  Probe  
  15  0:36  Gateway  
  15  0:37  Probe (Chrono Boost)  
  16  0:46  Probe (Chrono Boost)  
  16  0:47  Assimilator  
  17  0:51  Probe (Chrono Boost)  
  18  1:03  Probe  
  19  1:20  Nexus  
  19  1:30  Cybernetics Core  
  19  1:33  Probe  
  20  1:40  Assimilator  
  20  1:45  Probe  
  21  1:49  Pylon  
  21  1:57  Probe  
  22  2:04  Adept (Chrono Boost)  
  24  2:10  Probe  
  25  2:19  Stargate  
  25  2:22  Probe  
  26  2:25  Adept (Chrono Boost)  
  28  2:33  Probe  
  28  2:34  Probe (Chrono Boost)  
  28  2:35  Warp Gate  
  29  2:45  Probe (Chrono Boost)  
  31  2:52  Probe (Chrono Boost)  
  31  2:55  Probe (Chrono Boost)  
  31  2:59  Probe (Chrono Boost)  
  31  3:00  Probe (Chrono Boost)  
  31  3:02  Oracle (Chrono Boost)  
  35  3:10  Pylon, Probe  
  35  3:11  Stalker  
  38  3:15  Probe  
  39  3:22  Probe  
  39  3:25  Gateway  
  39  3:27  Probe  
  41  3:30  Shield Battery  
  41  3:37  Phoenix (Chrono Boost)  
  41  3:39  Probe  
  41  3:40  Probe  
  45  3:54  Phoenix (Chrono Boost), Probe  
  49  4:08  Probe  
  50  4:12  Pylon  
  49  4:17  Nexus  
  49  4:19  Probe  
  49  4:20  Phoenix  
  52  4:25  Probe  
  52  4:28  Pylon  
  53  4:31  Probe  
  53  4:37  Assimilator  
  53  4:38  Probe (Chrono Boost)  
  55  4:39  Assimilator, Robotics Facility  
  55  4:43  Probe (Chrono Boost)  
  56  4:50  Probe (Chrono Boost)  
  57  4:55  Probe (Chrono Boost)  
  57  4:57  Probe (Chrono Boost)  
  59  5:00  Probe (Chrono Boost)  
  59  5:02  Phoenix  
  59  5:04  Probe  
  59  5:06  Protoss Air Weapons Level 1  
  63  5:10  Probe  
  64  5:18  Probe (Chrono Boost)  
  65  5:22  Pylon, Probe (Chrono Boost)  
  65  5:23  Shield Battery  
  65  5:25  Observer  
  65  5:27  Robotics Bay  
  68  5:32  Probe (Chrono Boost)  
  68  5:34  Probe x2 (Chrono Boost)  
  70  5:36  Assimilator  
  70  5:37  Assimilator, Phoenix  
  70  5:41  Probe x2 (Chrono Boost)  
  75  5:43  Probe (Chrono Boost)  
  75  5:46  Probe (Chrono Boost)  
  75  5:47  Sentry  
  75  5:48  Probe  
  75  5:49  Zealot  
  81  5:52  Forge, Probe  
  82  5:58  Observer  
  82  6:01  Probe (Chrono Boost)  
  82  6:02  Phoenix  
  82  6:03  Pylon  
  87  6:04  Probe x2 (Chrono Boost)  
  87  6:07  Pylon  
  89  6:14  Pylon, Probe x2 (Chrono Boost)  
  89  6:15  Probe (Chrono Boost)  
  89  6:18  Colossus (Chrono Boost)  
  91  6:19  Probe (Chrono Boost)  
  91  6:22  Probe  
  91  6:23  Pylon  
  91  6:24  Probe  
  100  6:27  Protoss Ground Weapons Level 1  
  100  6:29  Extended Thermal Lance  
  100  6:31  Probe  
  100  6:32  Zealot  
  103  6:34  Probe  
  103  6:36  Phoenix  
  103  6:37  Probe  
  103  6:39  Pylon  
  107  6:43  Probe  
  107  6:44  Shield Battery  
  108  6:47  Zealot  
  108  6:50  Gateway  
  108  6:52  Probe  
  111  6:54  Shield Battery  
  111  6:56  Pylon  
  111  6:58  Colossus (Chrono Boost)  
  111  7:01  Phoenix  
  119  7:10  Fleet Beacon  
  120  7:16  Stargate  
  119  7:26  Phoenix  
  119  7:28  Nexus  
  119  7:29  Pylon  
  121  7:39  Probe  
  122  7:44  Pylon  
  122  7:46  Probe  
  122  7:48  Protoss Air Armor Level 1 (Chrono Boost), Photon Cannon  
  123  7:57  Stargate  
  130  7:58  Carrier (Chrono Boost), Probe  
  130  7:59  Probe  
  130  8:02  Cybernetics Core  
  130  8:04  Pylon  
  131  8:06  Carrier (Chrono Boost)  
  131  8:08  Assimilator  
  137  8:13  Pylon, Photon Cannon  
  137  8:14  Assimilator  
  137  8:17  Shield Battery  
  137  8:18  Pylon  
  137  8:20  Probe  
  137  8:22  Pylon  
  137  8:26  Shield Battery  
  138  8:29  Photon Cannon  
  144  8:41  Mothership (Chrono Boost)  
  144  8:42  Carrier (Chrono Boost)  
  148  8:50  Photon Cannon  
  148  8:51  Pylon  
  148  9:08  Protoss Air Weapons Level 2 (Chrono Boost)  
  148  9:10  Nexus, Pylon  
  160  9:21  Pylon  
  160  9:24  Carrier (Chrono Boost)  
  160  9:25  Carrier (Chrono Boost)  
  160  9:31  Photon Cannon  
  160  9:37  Carrier (Chrono Boost)  
  166  9:47  Protoss Air Armor Level 2  
  166  9:52  Assimilator  
  166  9:56  Anion Pulse-Crystals  
  166  10:06  Probe  
  167  10:10  Stargate  
  167  10:12  Assimilator  
  177  10:21  Photon Cannon  
  177  10:22  Carrier (Chrono Boost)  
  177  10:25  Carrier (Chrono Boost), Photon Cannon  
  177  10:26  Photon Cannon  
  183  10:48  Carrier (Chrono Boost)  
  183  10:51  Zealot  
  183  10:52  Zealot x2  
  183  10:55  Carrier (Chrono Boost)  
  186  11:13  Photon Cannon  
  186  11:14  Photon Cannon  
  178  11:19  Carrier  
  178  11:22  Carrier  
  177  11:39  Zealot x3  
  177  12:05  Probe  
  177  12:06  Nexus, Probe x2  
  168  12:17  Probe  
  168  12:21  Zealot x3  
  173  12:29  Probe x2